 Dungeon Crawl Stone Soup version 0.31.0-12-g77e489cdc1 (webtiles) character file.

Game seed: 17189136559885274643

2759 Gadfly the Insei (level 9, -2/68 HPs)
             Began as a Demonspawn Monk on Feb 12, 2024.
             Was a Follower of Ru.
             Slain by a kobold
             ... wielding a +0 short sword
              (3 damage)
             ... on level 7 of the Dungeon.
             The game lasted 00:11:44 (6212 turns).

Gadfly the Insei (Demonspawn Monk)                  Turns: 6212, Time: 00:11:46

Health: -2/68      AC:  6    Str: 22    XL:     9   Next: 41%
Magic:  9/9        EV: 14    Int: 10    God:    Ru [*.....]
Gold:   359        SH:  0    Dex: 16    Spells: 3/8 levels left

rFire   . . .        b - +2 dagger (elec)
rCold   . . .        c - orb {light}
rNeg    . . .        p - +0 steam dragon scales
rPois   .            (helmet restricted)
rElec   .            m - +0 cloak
rCorr   .            (no gloves)
SInv    .            (no boots)
Will    .....        (no amulet)
Stlth   +            o - +6 ring of strength
HPRegen 0.31/turn    (no ring)
MPRegen 0.11/turn

%: no passive effects
@: slowed, glowing, invisible (but backlit and visible), very slow
A: antennae 1, hooves 2, powered by pain 1, no earth magic, no hexes magic, no
necromancy magic, weakness stinger 1
a: Renounce Religion


You were on level 7 of the Dungeon.
You worshipped Ru.
Ru was aware of your devotion.
You visited 2 branches of the dungeon, and saw 8 of its levels.
You also visited: Sewer.

You collected 524 gold pieces.
You spent 165 gold pieces at shops.

Inventory:

Hand Weapons
 b - a +2 dagger of electrocution (weapon)
Armour
 c - an orb of light (worn)
 d - the +0 pair of boots "Jeudumot" {+Blink Regen+ rCorr Int-3}
   (You acquired it on level 2 of the Dungeon)

   Int-3:     It affects your intelligence (-3).
   +Blink:    It lets you blink.
   Regen+:    It increases your rate of health regeneration.
   rCorr:     It protects you from acid and corrosion.
 k - a +0 troll leather armour {Pargi}
 m - a +0 cloak (worn)
 p - +0 steam dragon scales (worn)
Jewellery
 o - a +6 ring of strength (left hand)
Talismans
 t - a serpent talisman
Scrolls
 f - 2 scrolls of identify
 g - a scroll of teleportation
 i - a scroll of blinking
 l - a scroll of poison
Potions
 e - a potion of curing
 h - 2 potions of might
 j - a potion of berserk rage
 n - a potion of resistance
 q - a potion of invisibility
 r - a potion of cancellation
 s - a potion of lignification


   Skills:
 + Level 5.4 Fighting
 + Level 5.6 Dodging
 + Level 6.1 Unarmed Combat
 + Level 5.5 Evocations
 * Level 5.7 Shapeshifting


You had 3 spell levels left.
You knew the following spells:

 Your Spells              Type           Power      Damage    Failure   Level
a - Blink                 Tloc           0%         N/A       50%         2
b - Swiftness             Air            0%         N/A       75%         3

Your spell library contained the following spells:

 Spells                   Type           Power      Damage    Failure   Level
 Magic Dart               Conj           0%         1d3       36%         1
 Call Imp                 Summ           0%         N/A       50%         2
 Ensorcelled Hibernation  Hex/Ice        Unusable   N/A       N/A         2
 Passwall                 Erth           Unusable   N/A       N/A         3

Dungeon Overview and Level Annotations

Branches:
Dungeon (7/15)             Temple (1/1) D:5           Sewer (visited)

Altars:
Ashenzari
Cheibriados
Dithmenos
Fedhas
Gozag
Kikubaaqudgha
Makhleb
Nemelex Xobeh
Okawaru
Qazlal
Ru
Sif Muna
Uskayaw
Vehumet
Xom
Yredelemnul

Shops:
D:6 !

Annotations:
D:7 Jeremiah


Innate Abilities, Weirdness & Mutations

You have a pair of small antennae on your head.
You have hoof-like feet.
You sometimes gain a little power by taking damage.
You cannot study or cast Earth magic.
You cannot study or cast Hexes magic.
You cannot study or cast Necromancy magic.
You have a small tail.


Message History

You are poisoned.
You have difficulty breathing.
* * * LOW HITPOINT WARNING * * *
You feel as though you will be slow longer.
You feel very sick.
You start resting.
You feel sick.
A kobold brigand is nearby!
You feel better.
You barely miss the kobold brigand. You kick the kobold brigand!
Your tail-slap misses the kobold brigand.
The kobold brigand is moderately wounded.
The kobold brigand hits you with a +0 whip!
* * * LOW HITPOINT WARNING * * *
The kobold brigand hits you but does no damage.
You hit the kobold brigand.
You kick the kobold brigand, but do no damage.
The kobold brigand is moderately wounded.
Unknown command.
Okay, then.
As you read the scroll labelled OBATESHROCO, it crumbles to dust.
It is a scroll of enchant weapon.
Your +1 dagger of electrocution glows red for a moment.
The kobold closely misses you. The kobold brigand misses you.
The kobold barely misses you. The kobold hits you with a +0 dagger.
* * * LOW HITPOINT WARNING * * *
The kobold brigand barely misses you.
It was a potion of invisibility.
You become transparent, but the glow from your halo prevents you from becoming completely invisible.
The kobold hits you but does no damage.
The kobold hits you with a +0 short sword.
* * * LOW HITPOINT WARNING * * *
The kobold brigand hits you with a +0 whip.
* * * LOW HITPOINT WARNING * * *
You feel better. The kobold misses you. The kobold hits you with a +0 dagger.
* * * LOW HITPOINT WARNING * * *
The kobold brigand hits you with a +0 whip.
* * * LOW HITPOINT WARNING * * *
Jeremiah hits you but does no damage.
The kobold hits you with a +0 short sword.
You die...

. .. ##### ... #....
.... ...# #########
..... ...# #........
....FK#######...#
#.####..# #.bK.K..Fb.##
##.####..#
#...#####KK.#
#........# #.# #@K.#
#..#.#.... .. #...#
#.......## # #...#
#.##.....# #...#
###.####.#.#
#####...###........#.#
...................#.#
..............?.......
................#.[.##.
####.#...#.#.##.#...##.


You could see Jeremiah, a kobold brigand and 2 kobolds.

Vanquished Creatures
  Maggie (D:7)
  A steam dragon (D:6)
  Pargi (Sewer)
  An ice beast (D:5)
  A black bear (D:6)
  3 ogres
  3 centaurs
  2 phantoms (D:6)
  A kobold brigand (D:6)
  A brain worm (Sewer)
  A gnoll sergeant (D:6)
  2 bombardier beetles
  4 hounds
  2 jellies
  Crazy Yiuf (D:5)
  2 sleepcaps (D:6)
  5 iguanas
  6 gnolls
  7 adders
  6 river rats (D:3)
  A white imp (D:7)
  2 ufetubi (D:7)
  3 dart slugs
  7 ribbon worms
  3 orcs
  5 endoplasms
  5 giant cockroaches
  10 goblins
  3 hobgoblins
  8 jackals
  6 kobolds
  5 quokkas
  8 ball pythons
  10 bats
  A frilled lizard (D:3)
  9 rats
  A spectral goblin (D:1)
138 creatures vanquished.

Vanquished Creatures (others)
  The ghost of VoidStrider the Gusty, a novice TeAE (D:6)
  Prince Ribbit (D:7)
2 creatures vanquished.

Grand Total: 140 creatures vanquished

Notes
Turn   | Place    | Note
-------+----------+-------------------------------------------
     0 | D:1      | Gadfly the Demonspawn Monk began the quest for the Orb.
     0 | D:1      | Reached XP level 1. HP: 18/18 MP: 1/1
   152 | D:1      | Discovered your monstrous ancestry.
   152 | D:1      | Gained mutation: You have a small tail. [demonic ancestry]
   152 | D:1      | Reached XP level 2. HP: 23/24 MP: 2/2
   251 | D:1      | Reached skill level 3 in Unarmed Combat
   307 | D:1      | Reached skill level 1 in Evocations
   509 | D:1      | Found a faded altar of an unknown god.
   694 | D:1      | Reached XP level 3. HP: 27/29 MP: 3/3
   968 | D:2      | Reached skill level 1 in Shapeshifting
  1600 | D:2      | Identified a scroll of acquirement
  1600 | D:2      | Acquired the +0 pair of boots "Jeudumot" {+Blink Regen+
                  | rCorr Int-3}
  1815 | D:3      | Found an ancient bone altar of Kikubaaqudgha.
  1921 | D:3      | Noticed a centaur
  1927 | D:3      | Killed a centaur
  1928 | D:3      | Reached XP level 4. HP: 4/35 MP: 4/4
  1974 | D:3      | Reached XP level 5. HP: 27/41 MP: 5/5
  2105 | D:3      | Found a glowing drain.
  2114 | Sewer    | Entered a sewer
  2143 | Sewer    | Reached skill level 4 in Unarmed Combat
  2143 | Sewer    | Gained mutation: You have large cloven feet. [demonic
                  | ancestry]
  2143 | Sewer    | Reached XP level 6. HP: 39/47 MP: 6/6
  2149 | Sewer    | Noticed Pargi
  2172 | Sewer    | Killed Pargi
  3221 | D:4      | Gained mutation: You have hoof-like feet. [demonic
                  | ancestry]
  3221 | D:4      | Reached XP level 7. HP: 22/52 MP: 7/7
  3819 | D:5      | Entered Level 5 of the Dungeon
  3851 | D:5      | Found a staircase to the Ecumenical Temple.
  3867 | Temple   | Entered the Ecumenical Temple
  3876 | Temple   | Became a worshipper of Ru the Awakened
  3900 | Temple   | Gained mutation: You cannot study or cast Earth magic. [Ru
                  | sacrifice]
  3900 | Temple   | Gained mutation: You cannot study or cast Hexes magic. [Ru
                  | sacrifice]
  3900 | Temple   | Gained mutation: You cannot study or cast Necromancy magic.
                  | [Ru sacrifice]
  3900 | Temple   | Reached * piety under Ru
  4006 | D:5      | Learned a level 2 spell: Blink
  4010 | D:5      | Learned a level 3 spell: Swiftness
  4019 | D:5      | Found a shimmering altar of Xom.
  4034 | D:5      | Found a hide-covered altar of Uskayaw.
  4080 | D:5      | Reached skill level 5 in Unarmed Combat
  4116 | D:5      | Identified the +1 ring mail of the Gods {^Contam rElec
                  | rPois Dex-3}
  4169 | D:5      | Found a runed translucent door.
  4170 | D:5      | Noticed Crazy Yiuf
  4233 | D:5      | Gained mutation: You have a pair of small antennae on your
                  | head. [demonic ancestry]
  4233 | D:5      | Reached XP level 8. HP: 54/60 MP: 8/8
  4714 | D:5      | Killed Crazy Yiuf
  4839 | D:6      | Found Marghy's Distillery.
  5007 | D:6      | Found a runed translucent door.
  5008 | D:6      | Noticed VoidStrider's ghost (novice TeAE)
  5230 | D:6      | Reached skill level 5 in Dodging
  5388 | D:6      | Bought a potion of cancellation for 120 gold pieces
  5388 | D:6      | Bought a potion of lignification for 45 gold pieces
  5656 | D:6      | Killed VoidStrider's ghost
  5657 | D:6      | Reached skill level 5 in Fighting
  5657 | D:6      | Reached skill level 5 in Evocations
  5657 | D:6      | Reached skill level 5 in Shapeshifting
  5657 | D:6      | Gained mutation: You sometimes gain a little power by
                  | taking damage. [demonic ancestry]
  5657 | D:6      | Reached XP level 9. HP: 21/68 MP: 9/9
  5945 | D:7      | Noticed Maggie
  5958 | D:7      | Killed Maggie
  5959 | D:7      | Reached skill level 6 in Unarmed Combat
  6176 | D:7      | Noticed Prince Ribbit
  6200 | D:7      | Noticed Jeremiah
  6202 | D:7      | Killed Prince Ribbit
  6211 | D:7      | HP: 1/68 [kobold brigand/+0 whip (6)]
  6212 | D:7      | Slain by a kobold

Illustrated notes

Levels and vault maps discovered:
D:1:      mainiacjoe_arrival_oval_in_oval, layout_loops_ring,
          dreamdust_ecumenical_altar_drowned_temple
D:2:      layout_basic, serial_curves, eino_curves_04, eino_curves_03,
          minmay_rat_gold_closets
D:3:      layout_loops_cross, mainiacjoe_overflow_alcove_2,
          lightli_sewer_entry_pipes
D:4:      layout_basic, grunt_decor_resistance
D:5:      layout_gridville, mainiacjoe_overflow_catch_the_wave,
          minmay_temple_entry_junction, serial_bayou_crossing,
          uniq_crazy_yiuf_cottage
D:6:      layout_rooms, hellmonk_ghost_happy_afterlife, serial_shops,
          nicolae_shop_peninsula, kennysheep_diamond
D:7:      layout_loops_cross, serial_shops, shop, uniq_maggie,
          uniq_prince_ribbit1, uniq_duvessa, uniq_pikel, uniq_jeremiah
Temple:   minmay_temple_curvy_branch

Skill      XL: |  1  2  3  4  5  6  7  8  9 |
---------------+----------------------------+-----
Unarmed Combat | 3 4 5 6 |  6.1
Evocations     | 1 2 3 4 5 |  5.5
Shapeshifting  | 1 2 3 5 |  5.7
Dodging        | 3 4 5 |  5.6
Fighting       | 5 |  5.4

Action                     |  1- 3 |  4- 6 |  7- 9 || total
---------------------------+-------+-------+-------++-------
  Melee: Unarmed           |    42 |       |    31 ||    73
         Dagger            |    60 |   163 |   203 ||   426
         Tailslap          |    12 |    31 |    46 ||    89
         Kick              |       |       |    80 ||    80
 Invoke: Sacrifice Arcana  |       |       |     1 ||     1
Ability: Evoke Blink       |       |       |     1 ||     1
    Use: Scroll            |     4 |     6 |     4 ||    14
         Potion            |       |       |     5 ||     5
 Armour: Robe              |    44 |    67 |       ||   111
         Troll leather arm |       |    22 |   129 ||   151
         Steam dragon scal |       |       |    26 ||    26
  Dodge: Dodged            |    61 |   138 |   194 ||   393
